 Dungeon Crawl Stone Soup version 0.31.0-11-ge490571c62 (webtiles) character file.

Game seed: 3544425722354855743

280 Arcadio the Gusty (level 6, -6/32 HPs)
             Began as a Tengu Air Elementalist on Jan 28, 2024.
             Killed by divine providence
             ... invoked by an orc priest
              (14 damage)
             ... on level 3 of the Dungeon.
             The game lasted 00:03:56 (2453 turns).

Arcadio the Gusty (Tengu Air Elementalist)          Turns: 2453, Time: 00:03:58

Health: -6/32      AC:  6    Str:  8    XL:     6   Next: 27%
Magic:  4/12       EV: 26    Int: 18    God:
Gold:   139        SH:  0    Dex: 14    Spells: 9/12 levels left

rFire   . . .        c - +0 dagger
rCold   . . .        (no shield)
rNeg    . . .        f - +0 ring mail
rPois   .            (helmet restricted)
rElec   .            (no cloak)
rCorr   .            h - +0 pair of gloves
SInv    .            (boots unavailable)
Will    .....        (no amulet)
Stlth   +            (no ring)
HPRegen 0.25/turn    (no ring)
MPRegen 0.13/turn

%: acrobat
@: acrobatic
A: beak, talons 3, acrobatic
a: no special abilities


You were on level 3 of the Dungeon.
You visited 1 branch of the dungeon, and saw 3 of its levels.

You collected 139 gold pieces.

Inventory:

Hand Weapons
 c - a +0 dagger (weapon)
Armour
 a - a +0 robe
 f - a +0 ring mail (worn)
 h - a +0 pair of gloves (worn)
Scrolls
 d - a scroll of torment {unknown}
 e - 4 scrolls of amnesia
 g - 2 scrolls of vulnerability
 i - a scroll of fog
 j - a scroll of brand weapon {unknown}
 l - a scroll of enchant armour {unknown}
 n - a scroll of blinking {unknown}
 q - a scroll of teleportation {unknown}
Potions
 b - 2 potions of magic
 k - a potion of lignification
 m - a potion of curing
 o - 2 potions of haste
 p - a potion of resistance {unknown}


   Skills:
 + Level 4.4 Dodging
 - Level 2.0 Stealth
 + Level 3.6 Spellcasting
 - Level 1.3 Conjurations
 + Level 6.1 Air Magic


You had 9 spell levels left.
You knew the following spells:

 Your Spells              Type           Power      Damage    Failure   Level
a - Shock                 Conj/Air       64%        1d7       11%         1
b - Static Discharge      Conj/Air       32%        3-5/arc   16%         2

Your spell library contained the following spells:

 Spells                   Type           Power      Damage    Failure   Level
 Swiftness                Air            25%        N/A       12%         3
 Mercury Vapours          Alch/Air       28%        N/A       21%         2
 Airstrike                Air            12%        2d(2-18)  36%         4
 Mephitic Cloud           Conj/Alch/Air  12%        N/A       45%         3
 Dazzling Flash           Conj/Hex       10%        N/A       71%         3
 Volatile Blastmotes      Fire/Tloc      6%         2d10      82%         3
 Freezing Cloud           Conj/Ice/Air   6%         6-21      99%         5
 Starburst                Conj/Fire      2%         6d3       100%        6
 Maxwell's Capacitive Co  Air            12%        ∞         100%        8


Dungeon Overview and Level Annotations

Branches:
Dungeon (3/15)

Altars:
Hepliaklqana


Innate Abilities, Weirdness & Mutations

You have a beak for a mouth.
You have claws for feet.
You can magically evade attacks while moving or waiting.


Message History

The orc priest is almost dead.
The orc is struck by an arc of lightning.
You kill the orc!
The orc is struck by an arc of lightning.
You kill the orc!
The lightning grounds out.
The orc priest completely misses you.
Your Air Magic skill increases to level 6!
Casting: Static Discharge (safe; 16% risk of failure)
Confirm with . or Enter, or press ? or * to list all spells.
The orc priest is struck by an arc of lightning.
You kill the orc priest!
You are struck by an arc of lightning.
An orc priest comes into view. It is wielding a +0 club.
Casting: Static Discharge (safe; 16% risk of failure)
Confirm with . or Enter, or press ? or * to list all spells.
Aiming: Shock (safe; 11% risk of failure)
Press: ? - help, Shift-Dir - straight line, f - orc
Aim: an orc, wielding a +0 hand axe and wearing a +0 leather armour (71% to hit)
The zap hits the orc!
You kill the orc!
The zap hits the orc.
You kill the orc!
The zap hits the orc.
The orc is almost dead.
The orc priest looks encouraged for a moment.
Casting: Shock (safe; 11% risk of failure)
Confirm with . or Enter, or press ? or * to list all spells.
Aiming: Shock (safe; 11% risk of failure)
Press: ? - help, Shift-Dir - straight line, f - orc
Aim: an orc, wielding a +0 short sword (71% to hit)
The zap misses the orc.
The zap hits the orc.
You kill the orc!
The orc priest calls down the wrath of Beogh upon you.
Beogh smites you!
* * * LOW HITPOINT WARNING * * *
There is an open door here.
You close the door.
An orc opens the door.
The orc priest calls down the wrath of Beogh upon you.
Beogh smites you!
You die...

# # .#. #.# #.#
#.#### ### # #.##.##
##.# ##
#@#...####..# ##.
#...o..oo'..# #..
#..........#..# #..
#.#.#..###.##.####..
#.#......#.###o.....
# ###.##.#.# ##.....
#.# .#.# ##'### #..
..# #)# ..# ### #)#


You could see an orc priest and 2 orcs.

Vanquished Creatures
  Sigmund (D:3)
  An orc priest (D:3)
  2 adders (D:2)
  5 orcs (D:3)
  3 endoplasms
  5 giant cockroaches
  6 goblins
  4 hobgoblins
  6 jackals (D:1)
  5 kobolds
  3 quokkas (D:1)
  3 ball pythons
  6 bats
  4 frilled lizards
  4 rats
58 creatures vanquished.

Notes
Turn   | Place    | Note
-------+----------+-------------------------------------------
     0 | D:1      | Arcadio the Tengu Air Elementalist began the quest for the
                  | Orb.
     0 | D:1      | Reached XP level 1. HP: 10/10 MP: 4/4
   141 | D:1      | Reached XP level 2. HP: 15/15 MP: 3/6
   395 | D:1      | Reached XP level 3. HP: 9/19 MP: 1/7
   787 | D:1      | Learned a level 2 spell: Static Discharge
  1539 | D:2      | Found a hazy altar of Hepliaklqana.
  1690 | D:2      | Reached XP level 4. HP: 23/24 MP: 9/9
  1765 | D:3      | Noticed Sigmund
  1774 | D:3      | Killed Sigmund
  1775 | D:3      | Reached skill level 5 in Air Magic
  1775 | D:3      | Reached XP level 5. HP: 18/28 MP: 0/11
  1775 | D:3      | Reached XP level 6. HP: 20/32 MP: 0/12
  2437 | D:3      | Reached skill level 6 in Air Magic
  2453 | D:3      | Killed from afar by an orc priest

Illustrated notes

Levels and vault maps discovered:
D:1:      minmay_arrival_stair_chambers, layout_rooms, roderic_serpentine_path,
          hangedman_decor_growths
D:2:      layout_basic, basic_altar
D:3:      layout_loops_corners, uniq_crazy_yiuf_cottage, uniq_sigmund

Skill      XL: |  1  2  3  4  5  6 |
---------------+-------------------+-----
Dodging        | 3 4 |  4.4
Spellcasting   | 3 |  3.6
Air Magic      | 5 6 |  6.1
Stealth        | |  2.0
Conjurations   | |  1.3

Action                     |  1- 3 |  4- 6 || total
---------------------------+-------+-------++-------
  Melee: Dagger            |    23 |    15 ||    38
         Kick              |     6 |     3 ||     9
         Peck              |     1 |     1 ||     2
   Cast: Shock             |    45 |    17 ||    62
         Static Discharge  |       |     7 ||     7
    Use: Scroll            |       |     6 ||     6
   Stab: Sleeping          |       |     2 ||     2
 Armour: Robe              |     9 |       ||     9
         Ring mail         |     9 |    16 ||    25
  Dodge: Dodged            |    30 |    10 ||    40
